 Dungeon Crawl Stone Soup version 0.17.0-28-g6e173f8 (webtiles) character file.

47579 4thArraOfDagon the Executioner (level 14, -1/122 HPs)
             Began as a Minotaur Berserker on Nov 24, 2015.
             Was an Elder of Trog.
             Shot with an arrow of flame by a deep elf master archer (9 damage)
             ... on level 3 of the Elven Halls.
             The game lasted 00:34:47 (4983 turns).

4thArraOfDagon the Executioner (Minotaur Berserker) Turns: 4983, Time: 00:34:48

Health: -1/122     AC: 24    Str: 23    XL:     14   Next: 9%
Magic:  5/5        EV:  9    Int: 12    God:    Trog [****..]
Gold:   812        SH:  0    Dex: 11    Spells: 0 memorised, 13 levels left

rFire  . . .     SeeInvis .     G - +6 battleaxe (antimagic)
rCold  . . .     Clarity  .     b - +6 chain mail {rPois}
rNeg   + . .     SustAt   +     (shield currently unavailable)
rPois  +         Gourm    .     (helmet restricted)
rElec  .         Spirit   .     (no cloak)
rCorr  .         Warding  +     F - +1 pair of gloves
rMut   .         Stasis   .     E - +1 pair of boots {Stlth+}
MR     +++..                    l - amulet of warding
Stlth  ..........               y - +5 ring of intelligence
                                f - ring of sustain attributes

@: exhausted, about to teleport, regenerating, slowed, very slow, extremely
resistant to hostile enchantments, extremely unstealthy
A: retaliatory headbutt, horns 2
a: Berserk, Trog's Hand, Brothers in Arms, Burn Spellbooks, Renounce Religion


You were on level 3 of the Elven Halls.
You worshipped Trog.
Trog was greatly pleased with you.
You were very hungry.

You visited 3 branches of the dungeon, and saw 19 of its levels.

You collected 1610 gold pieces.
You spent 798 gold pieces at shops.

Inventory:

Hand Weapons
 a - a +0 hand axe
 k - a +0 blowgun
 p - a +0 war axe of electrocution
 G - a +6 antimagic battleaxe (weapon)
Missiles
 w - 5 curare-tipped needles
Armour
 b - a +6 chain mail of poison resistance (worn)
 t - a troll hide
 u - a +2 shield
 E - a +1 pair of boots of stealth (worn)
 F - a +1 pair of gloves (worn)
Rods
 B - a +2 iron rod (12/14)
   (You took it off a deep elf fighter on level 3 of the Elven Halls)
Jewellery
 f - a ring of sustain attributes (left hand)
 l - an amulet of warding (around neck)
 x - an uncursed ring of flight
 y - a +5 ring of intelligence (right hand)
Wands
 e - a wand of polymorph (15)
 j - a wand of frost (22)
 s - a wand of random effects (0)
 A - a wand of teleportation (0)
Scrolls
 d - a scroll of teleportation
 i - a scroll of magic mapping {unknown}
 m - 2 scrolls of remove curse
 r - 2 scrolls of blinking
 z - a scroll of immolation {unknown}
 C - a scroll of enchant weapon {unknown}
Potions
 o - a potion of magic
Books
 n - a book of Necromancy

   Spells                             Type                      Level
   a - Pain                           Necromancy                   1
   b - Animate Skeleton               Necromancy                   1
   c - Vampiric Draining              Necromancy                   3
   d - Regeneration                   Charms/Necromancy            3
   e - Animate Dead                   Necromancy                   4
   f - Control Undead                 Necromancy                   4
   Trog disapproves of the use of such an item.
Miscellaneous
 D - a lamp of fire
Comestibles
 c - 3 bread rations
 g - a meat ration
 h - a chunk of flesh
 v - 9 royal jellies


   Skills:
 - Level 10.5 Fighting
 - Level 21.1 Axes
 + Level 14.0 Armour
 - Level 2.1 Dodging
 + Level 4.3 Evocations


You had 13 spell levels left.
You didn't know any spells.

Dungeon Overview and Level Annotations

Branches:
Dungeon (12/15)               Orc (4/4) D:12            Elf (3/3) Orc:3
 Temple: D:4-7         Lair: D:8-11

Altars:
Ashenzari
Gozag
Sif Muna
Zin
Beogh

Shops:
D:10 [   Orc:4 [[(?[   Elf:1 :   Elf:2 [

Annotations:
D:8 Psyche
D:10 Nergalle


Innate Abilities, Weirdness & Mutations

You reflexively headbutt those who attack you in melee.
You have a pair of horns on your head.


Message History

You see here an arrow of flame.
Unknown command.
Unknown command.
Unknown command.
Drink which item? (? for menu, Esc to quit)
Okay, then.
The deep elf blademaster hits you but does no damage.
The deep elf blademaster barely misses you.
The deep elf master archer shoots an arrow of flame.
The arrow of flame hits you!
* * * LOW HITPOINT WARNING * * *
The arrow of flame burns you!
* * * LOW HITPOINT WARNING * * *
The deep elf blademaster hits you with a rapier!
* * * LOW HITPOINT WARNING * * *
The deep elf blademaster hits you with a rapier.
* * * LOW HITPOINT WARNING * * *
The deep elf master archer shoots an arrow of flame.
The arrow of flame hits you!
You die...

#.# #.# #### ###.### ##...#
## ###.....### ###......
.###.........###........
........................
........................
.........................
........#......e@.......#
.......###.....(e.......#
........#.....(.........##
.........................##
..........................#
...................(......#
.###......e..###..........#
## ###..:..### ###.......#
###:### ###...###


You could see 2 deep elf blademasters and a deep elf master archer.

Vanquished Creatures
  Asterion (Elf:1)
  2 deep elf blademasters (Elf:3)
  A deep elf master archer (Elf:3)
  Donald (Orc:3)
  Maud (D:11)
  An orc warlord (Orc:4)
  4 deep elf sorcerers (Elf:3)
  3 deep elf annihilators (Elf:3)
  4 deep elf death magi (Elf:3)
  Snorg (D:12)
  A deep elf high priest (Elf:3)
  An orc high priest (Orc:3)
  2 small abominations (Elf:3)
  5 deep elf knights
  4 deep elf summoners
  An orc knight (Orc:2)
  2 hill giants (D:12)
  2 orc sorcerers
  7 deep elf conjurers
  A cyclops (D:12)
  8 deep elf priests
  4 trolls
  2 two-headed ogres
  A wraith (D:10)
  9 deep elf magi
  11 deep elf fighters
  A wyvern (D:11)
  6 yaks (D:11)
  A hippogriff (D:9)
  A human (D:12)
  2 wargs
  2 black bears
  An ice beast (D:9)
  3 ogres
  2 centaurs
  A tengu (D:11)
  27 orc warriors
  2 crocodiles
  A phantom (D:9)
  2 giant frogs (D:7)
  A gnoll sergeant (D:9)
  2 scorpions
  4 wights (D:12)
  A crimson imp (D:12)
  5 jellies
  A giant frog skeleton (D:11)
  17 orc priests
  23 orc wizards
  A worker ant (D:9)
  A killer bee zombie (D:8)
  A hound skeleton (D:11)
  6 gnolls
  5 oozes (D:10)
  An adder zombie (D:9)
  An adder skeleton (D:9)
  A giant gecko (D:11)
  134 orcs
  2 giant cockroaches
  2 hobgoblins
  6 jackals
  A bat (D:2)
  A quokka (D:2)
  A rat (D:1)
  2 crawling corpses (Elf:3)
352 creatures vanquished.

Vanquished Creatures (collateral kills)
  A deep elf annihilator (Elf:3)
1 creature vanquished.

Vanquished Creatures (others)
  A deep elf knight (Elf:1)
  A deep elf mage (Elf:1)
2 creatures vanquished.

Grand Total: 355 creatures vanquished

Notes
Turn   | Place    | Note
--------------------------------------------------------------
     0 | D:1      | 4thArraOfDagon the Minotaur Berserker began the quest for the Orb.
     0 | D:1      | Reached XP level 1. HP: 19/19 MP: 0/0
    89 | D:2      | Found an opulent altar of Gozag.
   154 | D:3      | Reached skill level 4 in Axes
   154 | D:3      | Reached XP level 2. HP: 27/27 MP: 1/1
   161 | D:3      | Reached XP level 3. HP: 17/33 MP: 2/2
   214 | D:3      | Found a shattered altar of Ashenzari.
   257 | D:5      | Entered Level 5 of the Dungeon
   269 | D:5      | Found a glowing silver altar of Zin.
   291 | D:6      | Noticed an ogre
   298 | D:6      | Killed an ogre
   298 | D:6      | Reached skill level 5 in Axes
   298 | D:6      | Reached XP level 4. HP: 41/41 MP: 3/3
   305 | D:6      | Noticed an orc warrior
   341 | D:6      | Killed an orc warrior
   341 | D:6      | Reached XP level 5. HP: 17/47 MP: 4/4
   384 | D:6      | Reached skill level 6 in Axes
   401 | D:5      | Found a deep blue altar of Sif Muna.
   416 | D:6      | Reached ** piety under Trog
   416 | D:6      | Reached skill level 5 in Fighting
   427 | D:6      | Noticed a scorpion
   439 | D:7      | Reached XP level 6. HP: 5/56 MP: 5/5
   462 | D:7      | Reached skill level 7 in Axes
   492 | D:6      | Killed a scorpion
   495 | D:6      | Reached skill level 5 in Armour
   580 | D:8      | Reached XP level 7. HP: 20/62 MP: 6/6
   583 | D:8      | Noticed Psyche
   604 | D:9      | Noticed a troll
   607 | D:9      | Killed a troll
   607 | D:9      | Reached skill level 8 in Axes
   653 | D:9      | Reached XP level 8. HP: 48/71 MP: 7/7
   715 | D:9      | Reached skill level 9 in Axes
   726 | D:9      | Identified the Volume of the Escort
   797 | D:10     | Entered Level 10 of the Dungeon
   808 | D:10     | Found Fawuot's Armour Boutique.
   822 | D:10     | Reached skill level 10 in Axes
   906 | D:11     | Noticed Sonja
   911 | D:11     | Noticed Sonja
   911 | D:11     | Sonja changed into Sonja the tengu
   916 | D:11     | Killed Sonja the tengu
   916 | D:11     | Reached XP level 9. HP: 40/81 MP: 8/8
   944 | D:11     | Reached skill level 11 in Axes
   998 | D:10     | Noticed Nergalle
  1074 | D:12     | Reached *** piety under Trog
  1075 | D:12     | Reached skill level 12 in Axes
  1081 | D:12     | Noticed a manticore
  1159 | D:11     | Noticed Maud
  1190 | D:11     | Killed Maud
  1190 | D:11     | Reached XP level 10. HP: 91/91 MP: 9/9
  1244 | D:12     | Noticed a cyclops
  1246 | D:12     | Noticed a hill giant
  1251 | D:12     | Killed a cyclops
  1253 | D:12     | Killed a hill giant
  1253 | D:12     | Reached skill level 13 in Axes
  1301 | D:12     | Reached skill level 10 in Fighting
  1313 | D:12     | Noticed Snorg
  1313 | D:12     | Found a staircase to the Orcish Mines.
  1320 | D:12     | Noticed a hill giant
  1330 | D:12     | Killed Snorg
  1330 | D:12     | Reached skill level 10 in Armour
  1335 | D:12     | Killed a hill giant
  1335 | D:12     | Reached skill level 14 in Axes
  1385 | Orc:1    | Entered Level 1 of the Orcish Mines
  1482 | Orc:4    | Entered Level 4 of the Orcish Mines
  1491 | Orc:4    | Reached **** piety under Trog
  1491 | Orc:4    | Reached XP level 11. HP: 81/101 MP: 10/10
  1498 | Orc:4    | Found a roughly hewn altar of Beogh.
  1499 | Orc:4    | Found Lebiff's Armour Shoppe.
  1540 | Orc:3    | Noticed Donald
  1550 | Orc:3    | Killed Donald
  1592 | Orc:3    | Noticed an orc high priest
  1601 | Orc:3    | Killed an orc high priest
  1601 | Orc:3    | Reached skill level 15 in Axes
  1791 | Orc:4    | Found a roughly hewn altar of Beogh.
  1805 | Orc:4    | Found Viogo's Magic Scroll Shoppe.
  1906 | Orc:4    | Reached ***** piety under Trog
  2013 | Orc:4    | Noticed an orc sorcerer
  2038 | Orc:4    | Killed an orc sorcerer
  2133 | Orc:4    | Noticed an orc warlord
  2161 | Orc:4    | Killed an orc warlord
  2161 | Orc:4    | Reached skill level 16 in Axes
  2232 | Orc:4    | Found Puzapif's Antique Weapon Emporium.
  2232 | Orc:4    | Found a roughly hewn altar of Beogh.
  2234 | Orc:4    | Found Vofrob's Antique Armour Shoppe.
  2257 | Orc:4    | Bought a pair of runed boots for 171 gold pieces
  2257 | Orc:4    | Bought a pair of embroidered gloves for 171 gold pieces
  2358 | Orc:4    | Found a roughly hewn altar of Beogh.
  2500 | Orc:2    | Received a gift from Trog
  2513 | Orc:2    | Noticed an orc knight
  2593 | Orc:2    | Killed an orc knight
  2593 | Orc:2    | Reached XP level 12. HP: 107/107 MP: 11/11
  2698 | Orc:4    | Found Nustunk's Armour Shoppe.
  2736 | Orc:3    | Found a staircase to the Elven Halls.
  2853 | Orc:4    | Bought a +4 chain mail of poison resistance for 456 gold pieces
  2882 | Elf:1    | Entered Level 1 of the Elven Halls
  2910 | Elf:1    | Reached skill level 17 in Axes
  3291 | Elf:1    | Noticed Asterion
  3302 | Elf:1    | Killed Asterion
  3302 | Elf:1    | Reached skill level 18 in Axes
  3381 | Elf:1    | Found Dixis's One-of-a-Kind Books.
  3412 | Elf:2    | Found Jogyif's Antique Armour Shoppe.
  3462 | Elf:3    | Entered Level 3 of the Elven Halls
  3532 | Elf:2    | Reached skill level 19 in Axes
  3710 | Elf:2    | Reached XP level 13. HP: 114/114 MP: 4/12
  3876 | Elf:3    | ugh
  3984 | Elf:3    | Noticed a deep elf death mage
  4004 | Elf:3    | Killed a deep elf death mage
  4050 | Elf:3    | Noticed a deep elf annihilator
  4073 | Elf:3    | Killed a deep elf annihilator
  4074 | Elf:3    | Noticed a deep elf annihilator
  4089 | Elf:3    | Killed a deep elf annihilator
  4133 | Elf:3    | Noticed a deep elf annihilator
  4133 | Elf:3    | Noticed a deep elf death mage
  4161 | Elf:3    | Killed a deep elf death mage
  4161 | Elf:3    | Reached skill level 20 in Axes
  4183 | Elf:3    | Killed a deep elf annihilator
  4200 | Elf:3    | Noticed a deep elf blademaster
  4221 | Elf:3    | Killed a deep elf blademaster
  4233 | Elf:3    | Noticed a deep elf annihilator
  4258 | Elf:3    | Killed a deep elf annihilator
  4271 | Elf:3    | Noticed a deep elf sorcerer
  4289 | Elf:3    | Killed a deep elf sorcerer
  4292 | Elf:3    | Noticed a deep elf sorcerer
  4303 | Elf:3    | Killed a deep elf sorcerer
  4371 | Elf:3    | Reached skill level 21 in Axes
  4393 | Elf:3    | Noticed a deep elf death mage
  4417 | Elf:3    | Killed a deep elf death mage
  4430 | Elf:3    | Noticed a deep elf sorcerer
  4451 | Elf:3    | Killed a deep elf sorcerer
  4451 | Elf:3    | Reached skill level 1 in Evocations
  4468 | Elf:3    | Noticed a deep elf high priest
  4489 | Elf:3    | Killed a deep elf high priest
  4528 | Elf:3    | Noticed a deep elf blademaster
  4543 | Elf:3    | Killed a deep elf blademaster
  4584 | Elf:3    | Noticed a deep elf sorcerer
  4612 | Elf:3    | Killed a deep elf sorcerer
  4666 | Elf:3    | Noticed a deep elf death mage
  4693 | Elf:3    | Killed a deep elf death mage
  4703 | Elf:3    | Killed a ghostly deep elf death mage
  4716 | Elf:3    | Reached XP level 14. HP: 94/122 MP: 5/15
  4740 | Elf:3    | Noticed a deep elf master archer
  4759 | Elf:3    | Killed a deep elf master archer
  4965 | Elf:3    | Noticed a deep elf blademaster
  4965 | Elf:3    | Noticed a deep elf blademaster
  4967 | Elf:3    | Noticed a deep elf master archer
  4983 | Elf:3    | Shot with an arrow of flame by a deep elf master archer

Action                   |  1- 3 |  4- 6 |  7- 9 | 10-12 | 13-15 || total
-------------------------+-------+-------+-------+-------+-------++-------
Melee: Hand axe          |    20 |    31 |       |       |       ||    51
       War axe           |       |     9 |    98 |   334 |       ||   441
       Battleaxe         |       |       |       |   147 |   166 ||   313
Throw: Throwing net      |       |       |     1 |       |       ||     1
Invok: Berserk           |     2 |     3 |     5 |    17 |    11 ||    38
       Trog's Hand       |       |     1 |     9 |    20 |     9 ||    39
       Brothers in Arms  |       |       |       |     1 |     4 ||     5
       Burn Spellbooks   |       |       |       |       |     1 ||     1
Evoke: Wand              |       |       |     1 |       |     7 ||     8
  Use: Scroll            |       |     1 |     5 |     6 |     1 ||    13
       Potion            |       |     1 |       |     3 |     2 ||     6
 Stab: Held in net/web   |       |       |     1 |       |       ||     1
       Distracted        |       |       |       |     1 |       ||     1
  Eat: Chunk             |       |     4 |     8 |    25 |     9 ||    46
       Royal jelly       |       |       |       |     2 |       ||     2
       Beef jerky        |       |       |       |     1 |       ||     1
       Fruit             |       |       |       |       |     9 ||     9
